 Dungeon Crawl Stone Soup version 0.32-a0-589-g2d1f746d5d (webtiles) character file.

Game seed: 4866678494383792939

10460 Konar the Skirmisher (level 11, -7/72 HPs)
             Began as a Coglin Hunter on Mar 2, 2024.
             Was a High Priest of Okawaru.
             Mangled by a +0 scimitar of chaos (17 damage)
             ... on level 10 of the Dungeon.
             The game lasted 00:11:35 (10044 turns).

Konar the Skirmisher (Coglin Hunter)               Turns: 10044, Time: 00:11:35

Health: -7/72      AC: 13    Str: 12    XL:     11   Next: 62%
Magic:  18/18      EV: 17    Int:  8    God:    Okawaru [*****.]
Gold:   515        SH:  0    Dex: 22    Spells: 10/10 levels left

rFire   . . .        a - +4 sling (drain) {Esteban}
rCold   . . .        D - +2 hand cannon (flame) {Manelesi}
rNeg    . . .        n - +0 steam dragon scales
rPois   .            B - +2 hat
rElec   .            E - +1 cloak {rCorr}
rCorr   +            (no gloves)
SInv    .            u - +2 pair of boots
Will    .....        (amulet unavailable)
Stlth   ++++         (ring unavailable)
HPRegen 0.32/turn    (ring unavailable)
MPRegen 0.16/turn    (no gizmo)

%: no passive effects
@: heroic, slowed, revved, very slow
A: off-hand wielding, slow wielding, warmup strikes, no jewellery
a: Invent Gizmo, Renounce Religion, Heroism, Finesse, Duel


You were on level 10 of the Dungeon.
You worshipped Okawaru.
Okawaru was extremely pleased with you.
You visited 2 branches of the dungeon, and saw 11 of its levels.

You collected 791 gold pieces.
You spent 276 gold pieces at shops.

Inventory:

Hand Weapons
 a - a +4 sling of draining (weapon) {Esteban}
 d - a +0 sling {Tamao}
 D - a +2 hand cannon of flaming (offhand) {Manelesi}
Missiles
 F - 2 throwing nets
Armour
 n - +0 steam dragon scales (worn)
 q - the +0 leather armour "Zefac" {rPois Will+ Str-5 Int+7}
   (You found it on level 5 of the Dungeon)

   Str-5:     It affects your strength (-5).
   Int+7:     It affects your intelligence (+7).
   rPois:     It protects you from poison.
   Will+:     It increases your willpower.
 u - a +2 pair of boots (worn)
 z - a +2 ring mail of willpower
 B - a +2 hat (worn)
 E - a +1 cloak of preservation (worn)
Wands
 s - a wand of mindburst (23) (quivered)
 t - a wand of roots (3)
 A - a wand of flame (15)
 C - a wand of quicksilver (15)
Scrolls
 b - a scroll of butterflies
 c - 2 scrolls of silence
 j - 5 scrolls of poison
 k - 3 scrolls of teleportation
 m - 2 scrolls of vulnerability
 w - a scroll of immolation
 x - a scroll of fear
 y - a scroll of amnesia
Potions
 e - 3 potions of curing
 f - 2 potions of cancellation
 g - a potion of lignification
 h - a potion of berserk rage
 i - a potion of might
 l - a potion of brilliance {unknown}
 o - 3 potions of degeneration {unknown}
 p - a potion of mutation {unknown}
 r - a potion of attraction {unknown}
 v - a potion of haste {unknown}
 G - a potion of resistance {unknown}


   Skills:
 - Level 2.0(7.0) Fighting
 + Level 13.0(18.0) Ranged Weapons
 - Level 1.7(6.7) Dodging
 - Level 0.7(5.7) Stealth
 - Level 10.0 Invocations


You had 10 spell levels left.
You didn't know any spells.
Your spell library contained the following spells:

 Spells                   Type           Power      Damage    Failure   Level
 Sandblast                Erth           0%         2d4       41%         1
 Slow                     Hex            0%         N/A       41%         1
 Ensorcelled Hibernation  Hex/Ice        0%         N/A       54%         2
 Confusing Touch          Hex            0%         N/A       78%         3
 Dazzling Flash           Conj/Hex       0%         N/A       78%         3
 Fugue of the Fallen      Necr           0%         N/A       78%         3
 Inner Flame              Hex/Fire       0%         N/A       78%         3
 Mephitic Cloud           Conj/Alch/Air  0%         N/A       78%         3
 Passwall                 Erth           0%         N/A       78%         3
 Sigil of Binding         Hex            0%         N/A       78%         3
 Stone Arrow              Conj/Erth      0%         3d7       78%         3
 Vampiric Draining        Necr           0%         2d6       78%         3
 Anguish                  Hex/Necr       0%         N/A       99%         4
 Brom's Barrelling Bould  Conj/Erth      0%         2d3       99%         4
 Flame Wave               Conj/Fire      0%         2d4       99%         4
 Sticky Flame             Fire/Alch      0%         2d4       99%         4
 Curse of Agony           Necr           0%         N/A       100%        5
 Silence                  Hex/Air        0%         N/A       100%        5


Dungeon Overview and Level Annotations

Branches:
Dungeon (10/15)            Temple (1/1) D:5            Lair (0/5) D:9
    Orc (0/2) D:9

Altars:
Ashenzari
Cheibriados
Dithmenos
Elyvilon
Fedhas
Gozag
Hepliaklqana
Kikubaaqudgha
Makhleb
Nemelex Xobeh
Okawaru
Qazlal
Ru
Sif Muna
Trog
Uskayaw
Vehumet
Wu Jian
Xom
Yredelemnul
Zin
The Shining One

Shops:
D:1 :   D:6 :   D:10 *

Annotations:
D:4 3 runed translucent doors, senseless's ghost, amateur MDFE
Temple 2 transporters


Innate Abilities, Weirdness & Mutations

You can wield a second weapon in your off-hand.
It takes a long time for you to wield or remove held weapons.
Your first few attacks do less damage.
You cannot equip rings or amulets.


Message History

The sling bullet hits the +0 scimitar of chaos.
The +0 scimitar of chaos is moderately damaged.
The +0 scimitar of chaos hits you. The +0 scimitar of chaos freezes you.
You shoot a bolt.
The bolt hits the +0 scimitar of chaos but does no damage.
The +0 scimitar of chaos is moderately damaged.
You shoot a sling bullet.
The sling bullet closely misses the +0 scimitar of chaos.
The +0 scimitar of chaos hits you.
You feel yourself slow down.
The +0 scimitar of chaos completely misses you.
You shoot a sling bullet.
The sling bullet hits the +0 scimitar of chaos.
The +0 scimitar of chaos is moderately damaged.
You shoot a bolt. The bolt hits the +0 scimitar of chaos!
The +0 scimitar of chaos is severely damaged.
The +0 scimitar of chaos hits you. The +0 scimitar of chaos freezes you.
The +0 scimitar of chaos hits you but does no damage.
You shoot a sling bullet.
The sling bullet hits the +0 scimitar of chaos but does no damage.
The +0 scimitar of chaos is severely damaged.
You shoot a bolt. The bolt hits the +0 scimitar of chaos.
The +0 scimitar of chaos is almost destroyed.
The +0 scimitar of chaos hits you. The +0 scimitar of chaos burns you.
The +0 scimitar of chaos hits you!
You shoot a bolt. The bolt hits the +0 scimitar of chaos.
The +0 scimitar of chaos is almost destroyed.
You shoot a sling bullet.
The sling bullet hits the +0 scimitar of chaos but does no damage.
The +0 scimitar of chaos is almost destroyed.
The +0 scimitar of chaos hits you! The +0 scimitar of chaos burns you.
The +0 scimitar of chaos hits you!
* * * LOW HITPOINT WARNING * * *
You are lethally poisoned!
You are too injured to fight recklessly!
You feel better. The +0 scimitar of chaos hits you!
* * * LOW HITPOINT WARNING * * *
The +0 scimitar of chaos freezes you.
* * * LOW HITPOINT WARNING * * *
The +0 scimitar of chaos hits you!
You die...

.........#.......................
.........#...######..............
########.#...# #..............
.......#.#...# #..............
.......#.#...# #..............
.......###...######..............
.............##..###.............
................☼#$##..#######...
.########..).#.°@(_.#..#.....#...
.# #....##○.#.##..#.....#... .#
#..####..###...'.....#... .# #..#
#### #...#.....#... .# #..#
#...#.....#... .# #..#
#...#.....#... .########..#
#...#.....#... ...........#
#...#.....#...
...........#########...###'###...


You could see a +0 scimitar of chaos.

Vanquished Creatures
  Gastronok (D:8)
  The ghost of Xpym the Skirmisher, a journeyman CoHu of Okawaru (D:10)
  3 two-headed ogres
  Amaemon (D:8)
  Pikel (D:8)
  An orange demon (D:7)
  A hornet (D:9)
  A wyvern (D:9)
  16 yaks (D:9)
  A steam dragon (D:10)
  A water moccasin (D:5)
  6 orc warriors
  An ice beast (D:6)
  2 wolves (D:9)
  2 ogres (D:4)
  2 centaurs
  2 lemures (D:8)
  A phantom (D:7)
  5 bullfrogs
  2 gnoll sergeants
  A scorpion (D:5)
  6 howler monkeys
  3 hounds (D:5)
  A jelly (D:6)
  6 orc priests
  2 bombardier beetles
  A sleepcap (D:7)
  Ijyb (D:5)
  An iguana (D:5)
  8 orc wizards
  11 gnolls
  14 adders
  2 shadow imps (D:5)
  A white imp (D:5)
  8 ufetubi
  2 dart slugs
  4 ribbon worms
  25 orcs
  5 ball pythons
  6 bats
  2 endoplasms
  2 giant cockroaches
  5 goblins
  4 hobgoblins
  5 jackals
  2 quokkas
  A frilled lizard (D:2)
  5 kobolds
  2 rats (D:1)
187 creatures vanquished.

Notes
Turn   | Place    | Note
-------+----------+-------------------------------------------
     0 | D:1      | Konar the Coglin Hunter began the quest for the Orb.
     0 | D:1      | Reached XP level 1. HP: 16/16 MP: 1/1
   174 | D:1      | Reached skill level 4 in Ranged Weapons
   174 | D:1      | Reached XP level 2. HP: 22/22 MP: 2/2
   238 | D:1      | Found Pynwye's Book Shoppe.
   646 | D:2      | Reached XP level 3. HP: 21/27 MP: 3/3
  1144 | D:2      | Reached skill level 5 in Ranged Weapons
  1145 | D:2      | Reached XP level 4. HP: 33/33 MP: 4/4
  1919 | D:3      | Reached XP level 5. HP: 38/38 MP: 5/5
  2285 | D:4      | Found a hazy altar of Hepliaklqana.
  2340 | D:4      | Noticed an ogre
  2346 | D:4      | Killed an ogre
  2347 | D:4      | Reached skill level 6 in Ranged Weapons
  2347 | D:4      | Reached XP level 6. HP: 44/44 MP: 6/6
  2520 | D:4      | Reached skill level 7 in Ranged Weapons
  2732 | D:4      | Found a runed translucent gate.
  2737 | D:4      | Found a runed translucent gate.
  2738 | D:4      | Found a runed translucent gate.
  2739 | D:4      | Found an opulent altar of Gozag.
  2740 | D:4      | Noticed a black bear
  2741 | D:4      | Noticed senseless's ghost (amateur MDFE)
  2997 | D:5      | Entered Level 5 of the Dungeon
  3070 | D:5      | Reached XP level 7. HP: 50/50 MP: 7/7
  3124 | D:5      | Identified the +0 leather armour "Zefac" {rPois Will+ Str-5
                  | Int+7}
  3227 | D:5      | Reached skill level 8 in Ranged Weapons
  3304 | D:5      | Found a staircase to the Ecumenical Temple.
  3352 | Temple   | Found a transporter.
  3352 | Temple   | Found a transporter.
  3352 | Temple   | Found a transporter.
  3352 | Temple   | Found a transporter.
  3352 | Temple   | Entered the Ecumenical Temple
  3370 | Temple   | Became a worshipper of Warmaster Okawaru
  3399 | D:5      | Noticed Ijyb
  3410 | D:5      | Killed Ijyb
  3443 | D:5      | Reached skill level 1 in Invocations
  3585 | D:5      | Reached XP level 8. HP: 21/56 MP: 7/9
  4282 | D:6      | Found Voutas's Book Emporium.
  4692 | D:6      | Reached * piety under Okawaru
  4838 | D:6      | Reached skill level 9 in Ranged Weapons
  6084 | D:7      | Found an ornate altar of the Wu Jian Council.
  6093 | D:7      | Found a sacrificial altar of Ru.
  6518 | D:8      | Noticed an orange demon
  6523 | D:8      | Noticed Amaemon
  6543 | D:7      | Killed an orange demon
  6544 | D:7      | Reached skill level 5 in Invocations
  6544 | D:7      | Reached XP level 9. HP: 47/61 MP: 10/13
  6620 | D:8      | Killed Amaemon
  6620 | D:8      | Reached ** piety under Okawaru
  6792 | D:8      | Noticed Pikel
  6807 | D:8      | Killed Pikel
  6808 | D:8      | Reached skill level 10 in Ranged Weapons
  6921 | D:8      | Noticed a two-headed ogre
  6930 | D:8      | Killed a two-headed ogre
  6931 | D:8      | Reached XP level 10. HP: 31/67 MP: 15/15
  7192 | D:8      | Found a glowing golden altar of the Shining One.
  7194 | D:8      | Found a snail-covered altar of Cheibriados.
  7248 | D:8      | Noticed Gastronok
  7320 | D:8      | Killed Gastronok
  7320 | D:8      | Reached *** piety under Okawaru
  7893 | D:9      | Found a blossoming altar of Fedhas.
  7893 | D:9      | Found a white marble altar of Elyvilon.
  8174 | D:9      | Reached **** piety under Okawaru
  8175 | D:9      | Reached skill level 11 in Ranged Weapons
  8295 | D:9      | Found a staircase to the Lair.
  8448 | D:9      | Identified a scroll of acquirement
  8448 | D:9      | Acquired a +2 hand cannon of flaming
  8561 | D:9      | Found a staircase to the Orcish Mines.
  8616 | D:9      | Reached XP level 11. HP: 72/72 MP: 18/18
  8645 | D:9      | Reached skill level 10 in Invocations
  8728 | D:9      | Noticed a two-headed ogre
  8734 | D:9      | Killed a two-headed ogre
  8734 | D:9      | Reached ***** piety under Okawaru
  8759 | D:9      | Reached skill level 12 in Ranged Weapons
  9330 | D:10     | Entered Level 10 of the Dungeon
  9330 | D:10     | Noticed a two-headed ogre
  9332 | D:10     | Killed a two-headed ogre
  9560 | D:10     | Found a runed translucent door.
  9596 | D:10     | Found Homywk's Assorted Antiques.
  9601 | D:10     | Bought a coppery potion for 29 gold pieces
  9601 | D:10     | Bought a glowing cloak for 247 gold pieces
  9955 | D:10     | Found a shimmering altar of Xom.
  9955 | D:10     | Noticed Xpym's ghost (journeyman CoHu)
  9955 | D:10     | Noticed a +0 scimitar of chaos
 10038 | D:10     | Killed Xpym's ghost
 10039 | D:10     | Reached skill level 13 in Ranged Weapons
 10044 | D:10     | Mangled by a +0 scimitar of chaos

Illustrated notes

Levels and vault maps discovered:
D:1:      dpeg_arrival_chambers_temple_mockup, layout_basic, serial_shops, shop
D:2:      layout_basic
D:3:      layout_basic
D:4:      layout_loops_cross, general_overflow_altar, ebering_ghost_gozag
D:5:      layout_gridville, minmay_temple_entry_gardened_gates, serial_demonic,
          serial_demonic_d, serial_demonic_e, serial_demonic_c,
          serial_demonic_e, uniq_ijyb
D:6:      layout_loops_corners, serial_shops, shop, kennysheep_flooded_box,
          chequers_serial_rivers_large_a, minmay_gold_behind_fungi
D:7:      layout_basic, mainiacjoe_overflow_swirl
D:8:      layout_gridville, chequers_temple_overflow_statue_of_worship,
          dreamdust_wishing_well, chequers_serial_rivers_large_b,
          minmay_stone_trees_small, uniq_gastronok, uniq_amaemon, uniq_pikel
D:9:      layout_layer_cave, gammafunk_temple_overflow_statue,
          erik_lair_orcish_takeover
D:10:     layout_irregular_city, ebering_ghost_xom, serial_shops,
          nicolae_shop_hallway_stairs
Temple:   hellmonk_temple_divided_pantheon

Skill      XL: |  1  2  3  4  5  6  7  8  9 10 11 |
---------------+----------------------------------+-----
Ranged Weapons | 4 5 6 7 8 9 10 11 13 | 13.0
Invocations    | 2 5 7 9 10 | 10.0
Fighting       | |  2.0
Dodging        | |  1.7
Stealth        | |  0.7

Action                     |  1- 3 |  4- 6 |  7- 9 | 10-12 || total
---------------------------+-------+-------+-------+-------++-------
   Fire: Sling             |   134 |   196 |   498 |   357 ||  1185
         Hand cannon       |       |       |       |    89 ||    89
 Invoke: Heroism           |       |       |     2 |     2 ||     4
  Evoke: Wand              |       |       |     7 |       ||     7
    Use: Scroll            |     6 |     5 |     6 |     4 ||    21
         Potion            |       |       |     1 |     1 ||     2
 Armour: Leather armour    |    17 |     6 |       |       ||    23
         Steam dragon scal |       |     4 |    71 |    54 ||   129
  Dodge: Dodged            |    21 |    11 |    65 |    40 ||   137

Table legend: (Time is in decaauts)
 A = Elapsed time spent in this place.
 B = Non-inter-level travel time spent in this place.
 C = Inter-level travel time spent in this place.
 D = Time resting spent in this place.
 E = Time spent auto-exploring this place.
 F = Levels seen in this place.
 G = Mean time per level.
                   A        B        C        D        E       F      G
               +--------+--------+--------+--------+--------+-----+--------+
         Total |  10106 |   9375 |    731 |    245 |   7906 |  11 |  918.7 |
       Dungeon |  10069 |   9338 |    731 |    245 |   7906 |  10 | 1006.9 |
        Temple |     36 |     36 |      0 |      0 |      0 |   1 |   36.0 |
               +--------+--------+--------+--------+--------+-----+--------+

Top non-repeatable levels by time:
     D:9: 1569 daAuts
     D:8: 1468 daAuts
     D:5: 1168 daAuts
     D:6: 1096 daAuts
     D:7: 1029 daAuts
     D:2: 997 daAuts
     D:4: 839 daAuts
     D:1: 674 daAuts
    D:10: 666 daAuts
     D:3: 559 daAuts
  Temple: 36 daAuts
